 Dungeon Crawl Stone Soup version 0.28.0-43-g3370ac3207 (webtiles) character file.

Game seed: 11643196125913426152

214 pkoi the Conjurer (level 5, -5/28 HPs)
             Began as a Deep Elf Conjurer on Mar 29, 2022.
             Slain by an ogre
             ... wielding a +0 giant club
              (33 damage)
             ... on level 4 of the Dungeon.
             The game lasted 00:03:54 (3534 turns).

pkoi the Conjurer (Deep Elf Conjurer)               Turns: 3534, Time: 00:03:54

Health: -5/28      AC:  4    Str: 10    XL:     5   Next: 60%
Magic:  9/14       EV: 12    Int: 25    God:
Gold:   126        SH:  0    Dex: 13    Spells: 2/13 levels left

rFire   . . .      SeeInvis .   m - +0 dagger
rCold   . . .      Faith    .   (no shield)
rNeg    + . .      Spirit   .   a - +0 robe
rPois   .          Reflect  .   l - +1 helmet
rElec   .          Harm     .   (no cloak)
rCorr   .          Rampage  .   (no gloves)
Will    .....                   (no boots)
Stlth   ++........              (no amulet)
HPRegen 0.09/turn               k - +6 ring of strength
MPRegen 0.14/turn               h - ring of positive energy

@: no status effects
A: no striking features
a: no special abilities


You were on level 4 of the Dungeon.
You visited 1 branch of the dungeon, and saw 4 of its levels.

You collected 126 gold pieces.

Inventory:

Hand Weapons
 m - a +0 dagger (weapon)
Missiles
 q - 5 poisoned darts
Armour
 a - a +0 robe (worn)
 i - an orb of light
 l - a +1 helmet (worn)
Jewellery
 h - a ring of positive energy (right hand)
 k - a +6 ring of strength (left hand)
Wands
 n - a wand of iceblast (5)
Scrolls
 d - a scroll of magic mapping
 e - a scroll of teleportation
Potions
 b - 2 potions of might
 c - a potion of mutation
 f - 2 potions of heal wounds
 g - a potion of curing


   Skills:
 - Level 2.4 Dodging
 - Level 2.4 Stealth
 + Level 4.7 Spellcasting
 * Level 6.3 Conjurations
 + Level 1.4 Hexes
 * Level 2.0 Translocations


You had 2 spell levels left.
You knew the following spells:

 Your Spells              Type           Power      Damage    Failure   Level
a - Magic Dart            Conj           100%       1d8       1%          1
b - Searing Ray           Conj           74%        2d7       1%          2
c - Iskenderun's Mystic   Conj/Tloc      26%        2d7       16%         4
d - Fulminant Prism       Conj/Hex       12%        3d9       17%         4

Your spell library contained the following spells:

 Spells                   Type           Power      Damage    Failure   Level
 Dazzling Flash           Conj/Hex       50%        N/A       4%          3
 Stone Arrow              Conj/Erth      42%        3d9       7%          3
 Summon Guardian Golem    Hex/Summ       9%         N/A       19%         3
 Hailstorm                Conj/Ice       21%        3d6       22%         4
 Frozen Ramparts          Ice            10%        1d3       26%         3
 Animate Armour           Summ/Erth      10%        N/A       63%         4
 Lehudib's Crystal Spear  Conj/Erth      10%        10d4      100%        8
 Summon Horrible Things   Summ           2%         N/A       100%        8


Dungeon Overview and Level Annotations

Branches:
Dungeon (4/15)
 Temple: D:4-7

Altars:
Uskayaw


Message History

Magic restored.
Found a stone staircase leading down.
You now have 112 gold pieces (gained 10).
You now have 126 gold pieces (gained 14).
d - a scroll of magic mapping
e - a scroll of teleportation An ufetubus comes into view.
The ufetubus shouts!
An ufetubus is nearby!
An ufetubus is nearby!
The magic dart hits the ufetubus!
You kill the ufetubus!
Your Translocations skill increases to level 2!
You can't see any susceptible monsters within range! (Use Z to cast anyway.)
You can't see any susceptible monsters within range! (Use Z to cast anyway.)
You can't see any susceptible monsters within range! (Use Z to cast anyway.)
Found a pair of embroidered boots.
You see here a +2 pair of boots.
An ogre comes into view. It is wielding a +0 giant club.
An ogre is nearby!
Found an escape hatch in the ceiling.
Casting: Magic Dart (safe; 1% risk of failure)
Confirm with . or Enter, or press ? or * to list all spells.
Aiming: Searing Ray (safe; 1% risk of failure)
Press: ? - help, Shift-Dir - straight line, f - ogre
Aim: an ogre, wielding a +0 giant club (asleep, 100% to hit)
The searing ray hits the ogre!
The ogre is moderately wounded.
The ogre shouts! (Press . to maintain the ray.)
The searing ray hits the ogre.
The ogre is heavily wounded.
The searing ray hits the ogre.
The ogre is severely wounded.
The searing ray hits the ogre!
The ogre is almost dead.
You finish channelling your searing ray.
The ogre hits you with a +0 giant club!!
Ouch! That really hurt!
You die...

#.#
##.#.#####.##......#*,*
#.#
#.......##.####..#.#*,#
##.##
#.....#.##.......#.##.#
#...#
###.###.#.#######.......#
#...# #.......#.#
####.#### #...#
#.#.##..#.#******* #.###.
#...#####.#.......#*,,,.,*
#.##..
........#.####..####....,*
#..... ..........#
#..@O......,* ####..
........###
##.####..<.,*######.
.....###### #.#
*,,,.,*#[..... ..........#
##.## *******#.#####
......###.#
#...##########.#
......###<*
##............#.#
........#,*
#.............#.#
#.....#.#,*
#....##.......#.#
..##......*
#.......<.....#.#


You could see an ogre.

Vanquished Creatures
  A phantom (D:4)
  A centaur skeleton (D:3)
  Terence (D:3)
  3 adders
  An ufetubus (D:4)
  A worm (D:3)
  2 dart slugs (D:1)
  An orc (D:3)
  8 ball pythons
  4 endoplasms
  2 giant cockroaches (D:3)
  6 goblins
  6 hobgoblins
  4 kobolds
  A quokka (D:2)
  2 bats
  3 rats
47 creatures vanquished.

Vanquished Creatures (others)
  15 plants (D:4)
15 creatures vanquished.

Grand Total: 62 creatures vanquished

Notes
Turn   | Place    | Note
-------+----------+-------------------------------------------
     0 | D:1      | pkoi the Deep Elf Conjurer began the quest for the Orb.
     0 | D:1      | Reached XP level 1. HP: 10/10 MP: 6/6
   330 | D:1      | Reached XP level 2. HP: 15/15 MP: 5/8
   429 | D:1      | Found a faded altar of an unknown god.
  1100 | D:2      | Reached skill level 5 in Conjurations
  1574 | D:2      | Reached XP level 3. HP: 19/19 MP: 8/10
  2194 | D:3      | Reached XP level 4. HP: 24/24 MP: 7/12
  2569 | D:3      | Got the Collected Works on the Entourage and Cold
  2586 | D:3      | Noticed Terence
  2601 | D:3      | Learned a level 4 spell: Fulminant Prism
  2606 | D:3      | Learned a level 4 spell: Iskenderun's Mystic Blast
  2619 | D:3      | Learned a level 2 spell: Searing Ray
  2837 | D:3      | Killed Terence
  3017 | D:3      | Reached skill level 6 in Conjurations
  3204 | D:4      | Reached skill level 1 in Translocations
  3303 | D:4      | Noticed a phantom
  3313 | D:4      | Killed a phantom
  3314 | D:4      | Reached skill level 1 in Hexes
  3314 | D:4      | Reached XP level 5. HP: 28/28 MP: 3/14
  3419 | D:4      | Found a hide-covered altar of Uskayaw.
  3529 | D:4      | Noticed an ogre
  3534 | D:4      | Slain by an ogre

Illustrated notes

Levels and vault maps discovered:
D:1:      matt_arrival_los_fun, layout_basic, ebering_ecumenical_altar_webs,
          chequers_serial_rivers_micro_c, chequers_jeans, minmay_misc_feat_tower
D:2:      wander_river, layout_loops_ring, minmay_quadrilaterals
D:3:      layout_loops_cross, serial_glass, glass_columns_a, glass_columns_a,
          feat_on_display, due_unseen_surprise, minmay_misc_feat_x,
          mrwooster_statue_mirror, minmay_checkerbox, uniq_terence
D:4:      layout_loops_cross, zin_academy, mainiacjoe_overflow_chevrons

Skill      XL: |  1  2  3  4  5 |
---------------+----------------+-----
Conjurations   | 5 6 |  6.3
Spellcasting   | 4 |  4.7
Translocations | 1 2 |  2.0
Hexes          | 1 |  1.4
Dodging        | |  2.4
Stealth        | |  2.4

Action                   |  1- 3 |  4- 6 || total
-------------------------+-------+-------++-------
 Cast: Magic Dart        |    55 |    48 ||   103
       Searing Ray       |       |     2 ||     2
  Use: Scroll            |       |     9 ||     9
Armor: Robe              |       |     2 ||     2
Dodge: Dodged            |     5 |     8 ||    13
